 Dungeon Crawl Stone Soup version 0.28-a0-224-g76b539d98b (webtiles) character file.

Game seed: 12902131136815830439

239 Froggeryz the Sneak (level 6, -5/39 HPs)
             Began as an Octopode Brigand on Aug 21, 2021.
             Killed by divine providence
             ... invoked by an orc priest
              (12 damage)
             ... on level 4 of the Dungeon.
             The game lasted 00:02:46 (3755 turns).

Froggeryz the Sneak (Octopode Brigand)              Turns: 3755, Time: 00:02:47

Health: -5/39      AC:  1    Str: 11    XL:     6   Next: 7%
Magic:  6/6        EV: 14    Int: 13    God:
Gold:   107        SH:  0    Dex: 15    Spells: 5/5 levels left

rFire   . . .      SeeInvis .   a - +2 dagger
rCold   . . .      Faith    .   (no shield)
rNeg    . . .      Spirit   .   (helmet restricted)
rPois   .          Reflect  .   p - amulet of the acrobat
rElec   .          Harm     .   (no ring)
rCorr   .          Rampage  .   (no ring)
Will    .....                   (no ring)
Stlth   ++++......              (no ring)
HPRegen 0.13/turn               (no ring)
MPRegen 0.10/turn               (no ring)
                                (no ring)
                                (no ring)

@: mighty
A: almost no armour, amphibious, 8 rings, camouflage 1, gelatinous body 1,
(nimble swimmer 1), tentacles
a: no special abilities


You were on level 4 of the Dungeon.
You visited 1 branch of the dungeon, and saw 4 of its levels.

You collected 107 gold pieces.

Inventory:

Hand Weapons
 a - a +2 dagger (weapon)
Missiles
 b - 28 poisoned darts (quivered)
 c - 2 curare-tipped darts
Armour
 e - a +0 buckler
Jewellery
 p - an amulet of the acrobat (around mantle)
Wands
 l - a wand of flame (8)
Scrolls
 g - a scroll of immolation
 i - 3 scrolls of magic mapping
 n - 2 scrolls of identify
Potions
 d - a potion of resistance {unknown}
 f - a potion of mutation {unknown}
 h - a potion of invisibility {unknown}
 j - 2 potions of brilliance {unknown}
 k - a potion of might
 m - a potion of ambrosia {unknown}
 o - a potion of heal wounds {unknown}
 q - a potion of curing {unknown}


   Skills:
 - Level 2.0 Fighting
 * Level 5.1 Short Blades
 - Level 2.0 Throwing
 - Level 3.0 Dodging
 - Level 5.3 Stealth
 + Level 1.1 Shields


You had 5 spell levels left.
You didn't know any spells.
Your spell library contained the following spells:

 Spells                   Type           Power      Damage    Failure   Level
 Ensorcelled Hibernation  Hex/Ice        0%         N/A       43%         2
 Slow                     Hex            0%         N/A       43%         2
 Confusing Touch          Hex            0%         N/A       67%         3
 Spider Form              Tmut/Pois      0%         N/A       67%         3
 Yara's Violent Unravell  Hex/Tmut       0%         3d3       100%        5
 Shadow Creatures         Summ           N/A        N/A       100%        6


Dungeon Overview and Level Annotations

Branches:
Dungeon (4/15)
 Temple: D:4-7

Altars:


Innate Abilities, Weirdness & Mutations

You cannot wear most types of armour.
You are amphibious.
You can wear up to eight rings at the same time.
Your skin changes colour to match your surroundings (Stealth+).
Your rubbery body absorbs attacks. (AC +1, EV +1)
((You are camouflaged near water. (Stealth+)))
You have tentacles for arms and can constrict up to eight enemies at once.


Message History

You see here a +0 scale mail.
Found 29 stones.
An orc comes into view. It is wielding a +0 hand axe.
You see here 29 stones.
An orc is nearby!
An orc comes into view. It is wielding a +0 club.
An orc priest and an orc wizard come into view.
An orc comes into view. It is wielding a +0 club.
Found a stone staircase leading down.
The orc priest shouts!
The orc shouts! x3
The orc wizard shouts!
The orc priest mumbles some strange prayers to Beogh against you.
Beogh smites you!
You closely miss the orc. Your grab misses the orc. You squeeze the orc.
The orc is almost dead.
The orc closely misses you.
You hit the orc.
You kill the orc!
The orc wizard mumbles some strange words.
The orc wizard flickers and vanishes!
Deactivating autopickup; reactivate with Ctrl-A.
You hit the orc. You grab the orc. You squeeze the orc.
You kill the orc!
Something misses you.
Items here: )) ††.
You miss something. Something hits you.
You hit something but do no damage.
There are monsters nearby!
You hit something. Something hits you.
The orc priest calls down the wrath of Beogh upon you.
Beogh smites you!
You are too injured to fight recklessly!
You are too injured to fight recklessly!
It was a potion of might.
You feel very mighty all of a sudden. Something hits you.
* * * LOW HITPOINT WARNING * * *
The orc priest invokes the aid of Beogh against you.
Beogh smites you!
You die...

#. #. #. #########
>## ###.......# .o#
..........# #o#
.#........# #.#
.#........# #@#
.#........# #.#
.#........# #.#
.#........# #.#
.^>###.#### #.# ####
#.# #.# ######.#####
#.# .†...#†....# #(#
####.#####.#####.####


You could see an orc priest and an orc.

Vanquished Creatures
  A hound (D:4)
  An orc priest (D:2)
  Ijyb (D:3)
  A hound skeleton (D:4)
  6 adders
  3 worms
  2 dart slugs (D:4)
  9 orcs
  3 bats (D:1)
  5 endoplasms
  2 giant cockroaches (D:2)
  4 goblins
  4 hobgoblins
  3 jackals (D:4)
  4 quokkas
  8 ball pythons
  A frilled lizard (D:1)
  6 kobolds
  3 rats
67 creatures vanquished.

Vanquished Creatures (others)
  A plant (D:4)
1 creature vanquished.

Grand Total: 68 creatures vanquished

Notes
Turn   | Place    | Note
-------+----------+-------------------------------------------
     0 | D:1      | Froggeryz the Octopode Brigand began the quest for the Orb.
     0 | D:1      | Reached XP level 1. HP: 14/14 MP: 1/1
    34 | D:1      | Found a faded altar of an unknown god.
   301 | D:1      | Reached XP level 2. HP: 19/19 MP: 2/2
  1292 | D:2      | Reached XP level 3. HP: 9/24 MP: 3/3
  1832 | D:2      | Reached XP level 4. HP: 29/29 MP: 4/4
  2780 | D:3      | Noticed Ijyb
  2790 | D:3      | Killed Ijyb
  2791 | D:3      | Reached XP level 5. HP: 11/34 MP: 5/5
  3517 | D:4      | Reached skill level 5 in Short Blades
  3704 | D:4      | Reached skill level 1 in Shields
  3704 | D:4      | Reached XP level 6. HP: 39/39 MP: 6/6
  3755 | D:4      | Killed from afar by an orc priest

Illustrated notes

Levels and vault maps discovered:
D:1:      dpeg_arrival_shrine, layout_loops_corners,
          hellmonk_ecumenical_altar_arch_garden, serial_park_tiny_pond,
          serial_bayou_pond_e
D:2:      layout_basic
D:3:      layout_rooms, grunt_decor_junction, uniq_ijyb
D:4:      layout_loops_cross, kennysheep_little_box, minmay_temple_entry_tees,
          guppyfry_early_lair_pool

Skill      XL: |  1  2  3  4  5 |
---------------+----------------+-----
Short Blades   | 3 4 5 |  5.1
Dodging        | 2 3 |  3.0
Shields        | 1 |  1.1
Fighting       | |  2.0
Throwing       | |  2.0
Stealth        | |  5.3

Action                   |  1- 3 |  4- 6 || total
-------------------------+-------+-------++-------
Melee: Dagger            |    61 |    99 ||   160
       Constrict         |    12 |    21 ||    33
       Tentacles         |     5 |    20 ||    25
  Use: Scroll            |     1 |     3 ||     4
       Potion            |       |     1 ||     1
 Stab: Sleeping          |    10 |    12 ||    22
Armor: Skin              |     7 |       ||     7
Dodge: Dodged            |    26 |    44 ||    70

Table legend: (Time is in decaauts)
 A = Elapsed time spent in this place.
 B = Non-inter-level travel time spent in this place.
 C = Inter-level travel time spent in this place.
 D = Time resting spent in this place.
 E = Time spent auto-exploring this place.
 F = Levels seen in this place.
 G = Mean time per level.
                   A        B        C        D        E       F      G
               +--------+--------+--------+--------+--------+-----+--------+
         Total |   3725 |   3664 |     61 |   1245 |   1914 |   4 |  931.2 |
       Dungeon |   3725 |   3664 |     61 |   1245 |   1914 |   4 |  931.2 |
               +--------+--------+--------+--------+--------+-----+--------+

Top non-repeatable levels by time:
     D:2: 1285 daAuts
     D:1: 1273 daAuts
     D:3: 772 daAuts
     D:4: 395 daAuts
